 Dungeon Crawl Stone Soup version 0.21-a0-401-g0b6bec4 (webtiles) character file.

25 Klosterheim the Vexing (level 2, 0/22 HPs)
             Began as a Demigod Arcane Marksman on Oct 25, 2017.
             Slain by a frilled lizard (3 damage)
             ... on level 2 of the Dungeon.
             The game lasted 00:02:44 (860 turns).

Klosterheim the Vexing (Demigod Arcane Marksman)     Turns: 860, Time: 00:02:46

Health: 0/22       AC:  4    Str: 13    XL:     2   Next: 66%
Magic:  6/6        EV: 12    Int: 17    God:
Gold:   41         SH:  0    Dex: 16    Spells: 2/3 levels left

rFire    . . .     SeeInvis .   a - +0 shortbow
rCold    . . .     Gourm    .   (shield currently unavailable)
rNeg     . . .     Faith    .   e - +0 robe
rPois    .         Spirit   .   (no helmet)
rElec    .         Reflect  .   (no cloak)
rCorr    .         Harm     .   (no gloves)
MR       .....                  (no boots)
Stlth    +.........             (no amulet)
HPRegen  0.07/turn              o - +2 ring of protection
MPRegen  0.10/turn              (no ring)

@: no status effects
A: high mp 1
a: no special abilities


You were on level 2 of the Dungeon.
You were not hungry.

You visited 1 branch of the dungeon, and saw 2 of its levels.

You collected 41 gold pieces.

Inventory:

Hand Weapons
 a - a +0 shortbow (weapon)
 h - a +0 dagger
Missiles
 d - 12 arrows (quivered)
Armour
 e - a +0 robe (worn)
Jewellery
 o - a +2 ring of protection (left hand)
Scrolls
 b - 2 scrolls of identify {unknown}
 i - a scroll of magic mapping {unknown}
Potions
 j - a potion of lignification {unknown}
 k - a potion of curing {unknown}
 l - a potion of flight {unknown}
 m - a potion of degeneration {unknown}
Books
 c - a book of Debilitation

   Spells                             Type                      Level
   a - Corona                         Hexes                        1
   b - Slow                           Hexes                        2
   c - Inner Flame                    Hexes/Fire                   3
   d - Portal Projectile              Hexes/Translocation          3
   e - Cause Fear                     Hexes                        4
   f - Leda's Liquefaction            Hexes/Earth                  4
Comestibles
 f - 2 bread rations
 g - 2 chunks of flesh
 n - a meat ration


   Skills:
 - Level 0.8 Fighting
 * Level 2.3 Bows
 - Level 1.7 Dodging
 + Level 1.3 Spellcasting
 * Level 3.1 Hexes


You had 2 spell levels left.
You knew the following spells:

 Your Spells              Type           Power        Failure   Level  Hunger
a - Corona                Hex            ##.....      5%          1    ##.....


Dungeon Overview and Level Annotations

Branches:
Dungeon (2/15)


Innate Abilities, Weirdness & Mutations

You have an increased reservoir of magic. (+10% MP)


Message History

The kobold barely misses you.
The hobgoblin hits you but does no damage.
The frilled lizard misses you. The kobold barely misses you.
The hobgoblin closely misses you. The frilled lizard barely misses you.
The kobold barely misses you.
The hobgoblin hits you but does no damage.
The frilled lizard closely misses you. The kobold hits you with a short sword.
The hobgoblin barely misses you. The frilled lizard closely misses you.
The kobold closely misses you. The hobgoblin closely misses you.
The frilled lizard closely misses you. The kobold hits you with a short sword.
* * * LOW HITPOINT WARNING * * *
The hobgoblin hits you.
* * * LOW HITPOINT WARNING * * *
The frilled lizard misses you. The kobold misses you.
The hobgoblin hits you but does no damage.
The frilled lizard closely misses you. The kobold closely misses you.
The hobgoblin hits you but does no damage.
The frilled lizard bites you.
You die...

#.#.##.# ##.##
#.#....# #.#
#(###..# #.# #.#
#..# #+##
#.###..# #...#
#......# #.....
#####..##
#......
##...####K......
#.......@l......
##...####g......
#..## #......
#...# #.....
#..... #...#
#..... #+##
#.... ##.


You could see a hobgoblin, a kobold and a frilled lizard.

Vanquished Creatures
  A dart slug (D:1)
  A leopard gecko (D:1)
  3 giant cockroaches (D:1)
  5 hobgoblins (D:1)
  4 jackals (D:1)
  A frilled lizard (D:1)
  A goblin (D:1)
  3 kobolds (D:1)
  A rat (D:1)
20 creatures vanquished.

Notes
Turn   | Place    | Note
-------+----------+-------------------------------------------
     0 | D:1      | Klosterheim the Demigod Arcane Marksman began the quest for the Orb.
     0 | D:1      | Reached XP level 1. HP: 15/15 MP: 4/4
   275 | D:1      | Reached XP level 2. HP: 22/22 MP: 6/6
   437 | D:1      | Reached skill level 3 in Hexes
   860 | D:2      | Slain by a frilled lizard

Vault maps used:
D:1:      kennysheep_arrival_seaside, columned_hall_lemuel
D:2:      uniq_terence

Skill      XL: |  1  2 |
---------------+-------+-----
Bows           | 2 |  2.3
Hexes          | 3 |  3.1
Fighting       | |  0.8
Dodging        | |  1.7
Spellcasting   | |  1.3

Action                   || total
-------------------------++-------
Melee: Dagger            ||    14
 Fire: Shortbow          ||    45
Armor: Robe              ||    12
Dodge: Dodged            ||    63

Table legend:
 A = Spawn XP
 B = Non-spawn XP
 C = Spawn XP percentage of total XP
 D = Spawn monster count
 E = Non-spawn monster count
 F = Spawn count percentage of total count
 G = Total turns spent on level
                    A         B        C        D         E        F      G
               +---------+---------+-------+---------+---------+-------+---------
         Total |       0 |      37 |   0.0 |       0 |      20 |   0.0 |   860
               +---------+---------+-------+---------+---------+-------+---------
           D:1 |       0 |      37 |   0.0 |       0 |      20 |   0.0 |   798
               +---------+---------+-------+---------+---------+-------+---------
